 Dungeon Crawl Stone Soup version 0.29-a0-317-gd16b76e6b1 (webtiles) character file.

Game seed: 10159044890267811815

42 kae the Firebug (level 3, 0/20 HPs)
             Began as a Tengu Fire Elementalist on Mar 31, 2022.
             Succumbed to an adder's poison
             ... on level 1 of the Dungeon.
             The game lasted 00:00:51 (1754 turns).

kae the Firebug (Tengu Fire Elementalist)           Turns: 1754, Time: 00:00:51

Health: 0/20       AC:  2    Str:  8    XL:     3   Next: 54%
Magic:  4/7        EV: 12    Int: 17    God:
Gold:   50         SH:  0    Dex: 14    Spells: 0/6 levels left

rFire   . . .      SeeInvis .   c - +0 whip
rCold   . . .      Faith    .   (no shield)
rNeg    . . .      Spirit   .   a - +0 robe
rPois   .          Reflect  .   (helmet restricted)
rElec   .          Harm     .   (no cloak)
rCorr   .          Rampage  .   (no gloves)
Will    .....                   (boots unavailable)
Stlth   ++........              (no amulet)
HPRegen 0.06/turn               (no ring)
MPRegen 0.10/turn               (no ring)

@: lethally poisoned (0 -> -6), weak-willed, very slightly contaminated
A: beak, talons 3
a: no special abilities


You were on level 1 of the Dungeon.
You visited 1 branch of the dungeon, and saw 2 of its levels.

You collected 50 gold pieces.

Inventory:

Hand Weapons
 c - a +0 whip (weapon)
Missiles
 h - a throwing net
Armour
 a - a +0 robe (worn)
Scrolls
 e - 3 scrolls of identify
Potions
 b - a potion of magic


   Skills:
 + Level 0.9 Fighting
 + Level 1.0 Armour
 + Level 2.5 Dodging
 - Level 2.0 Stealth
 + Level 2.1 Spellcasting
 + Level 2.0 Conjurations
 * Level 3.9 Fire Magic


You couldn't memorise any spells.
You knew the following spells:

 Your Spells              Type           Power      Damage    Failure   Level
a - Foxfire               Conj/Fire      48%        2x1d6     5%          1
b - Scorch                Fire           30%        2d6       5%          2
c - Conjure Flame         Conj/Fire      12%        6-21      17%         3

Your spell library contained the following spells:

 Spells                   Type           Power      Damage    Failure   Level
 Inner Flame              Hex/Fire       8%         N/A       26%         3
 Flame Wave               Conj/Fire      12%        2d6       50%         4


Dungeon Overview and Level Annotations

Branches:
Dungeon (2/15)

Altars:


Innate Abilities, Weirdness & Mutations

You have a beak for a mouth.
You have claws for feet.


Message History

The adder attacks as you move away! The adder bites you.
The bat closely misses you. The bat hits you but does no damage.
The bat hits you. The bat attacks as you move away!
The bat hits you but does no damage. The bat completely misses you.
The bat hits you but does no damage. The bat misses you.
The bat attacks as you move away! The bat barely misses you.
The bat hits you but does no damage. The bat barely misses you.
The bat hits you. The bat attacks as you move away! The bat hits you.
The bat barely misses you. The bat attacks as you move away! The bat hits you.
The bat misses you. The bat hits you but does no damage.
The bat completely misses you. x2
The bat hits you. The bat hits you but does no damage.
The bat closely misses you. The bat attacks as you move away!
The bat hits you but does no damage. x2
There is a stone staircase leading up here.
The bat hits you but does no damage.
You climb upwards.
There is a stone staircase leading down here.
Casting: Foxfire (safe; 5% risk of failure)
Confirm with . or Enter, or press ? or * to list all spells.
You miscast Foxfire.
You are very lightly contaminated with residual magic.
Nothing appears to happen.
The adder bites you.
You are lethally poisoned!
The adder poisons you!
Casting: Foxfire (safe; 5% risk of failure)
Confirm with . or Enter, or press ? or * to list all spells.
You miscast Foxfire.
Nothing appears to happen.
* * * LOW HITPOINT WARNING * * *
You feel sick. The adder bites you.
* * * LOW HITPOINT WARNING * * *
The adder bites you.
* * * LOW HITPOINT WARNING * * *
Casting: Foxfire (safe; 5% risk of failure)
Confirm with . or Enter, or press ? or * to list all spells.
You conjure some foxfire!
You die...

####### #.....# #.###.###### #
####### #.# #.#....########
#####.....####.###.#...........#
#.........+..#...#.#............
#.........##.....#..............
#.....##'###...#v...##.....##...
#..............@.......#.#......
#.######......#vS...####.#..####
#.#......#..#.#.....# ##.##.#
##.##..#.......#.(#.####8>8#.####
...##......#.###..#...###.##.....
...+.#.##.##...#..###.#.#.###.###
...#...##......#..#...#.#.# #....
##.....#####......#.....#.# #####
#.........#.####.#######.#######


You could see an adder (weak-willed, ally target).

Vanquished Creatures
  2 ball pythons (D:1)
  5 endoplasms (D:1)
  2 giant cockroaches
  2 goblins (D:1)
  3 hobgoblins
  8 jackals (D:1)
  2 quokkas (D:1)
  3 bats (D:1)
  A frilled lizard (D:1)
  3 kobolds
  3 rats
34 creatures vanquished.

Vanquished Creatures (others)
  105 foxfires (D:1)
105 creatures vanquished.

Grand Total: 139 creatures vanquished

Notes
Turn   | Place    | Note
-------+----------+-------------------------------------------
     0 | D:1      | kae the Tengu Fire Elementalist began the quest for the
                  | Orb.
     0 | D:1      | Reached XP level 1. HP: 10/10 MP: 4/4
   300 | D:1      | Reached XP level 2. HP: 15/15 MP: 3/6
   376 | D:1      | Found a faded altar of an unknown god.
   890 | D:1      | Reached XP level 3. HP: 16/20 MP: 5/7
   893 | D:1      | Learned a level 2 spell: Scorch
   897 | D:1      | Learned a level 3 spell: Conjure Flame
  1688 | D:2      | Reached skill level 1 in Armour
  1753 | D:1      | HP: 1/20 [adder (1)]
  1754 | D:1      | Succumbed to an adder's poison

Illustrated notes

Levels and vault maps discovered:
D:1:      lemuel_arrival_cross, layout_basic, ebering_ecumenical_altar_ruins
D:2:      layout_basic, uniq_robin

Skill      XL: |  1  2  3 |
---------------+----------+-----
Conjurations   | 2 |  2.0
Armour         | 1 |  1.0
Fighting       | |  0.9
Dodging        | |  2.5
Stealth        | |  2.0
Spellcasting   | |  2.1
Fire Magic     | |  3.9

Action                   || total
-------------------------++-------
Melee: Whip              ||    28
       Kick              ||     6
       Peck              ||     2
 Cast: Foxfire           ||    68
  Use: Scroll            ||     4
       Potion            ||     1
Armor: Robe              ||    27
Dodge: Dodged            ||    66

Table legend: (Time is in decaauts)
 A = Elapsed time spent in this place.
 B = Non-inter-level travel time spent in this place.
 C = Inter-level travel time spent in this place.
 D = Time resting spent in this place.
 E = Time spent auto-exploring this place.
 F = Levels seen in this place.
 G = Mean time per level.
                   A        B        C        D        E       F      G
               +--------+--------+--------+--------+--------+-----+--------+
         Total |   1756 |   1745 |     11 |      0 |   1472 |   2 |  878.0 |
       Dungeon |   1756 |   1745 |     11 |      0 |   1472 |   2 |  878.0 |
               +--------+--------+--------+--------+--------+-----+--------+

Top non-repeatable levels by time:
     D:1: 1598 daAuts
     D:2: 157 daAuts
